 Dungeon Sprint DCSS version 0.16.1-28-gcc2312f (webtiles) character file.

191 Kidiri the Thaumaturge (level 5, -2/28 HPs)
             Began as a Deep Elf Summoner on May 29, 2015.
             Was an Initiate of Sif Muna.
             Slain by a yak (12 damage)
             ... in the Dungeon (Sprint I: "Red Sonja").
             The game lasted 00:04:05 (582 turns).

Kidiri the Thaumaturge (Deep Elf Summoner)           Turns: 582, Time: 00:04:05

Health: -2/28      AC:  2    Str:  5    XL:     5   Next: 42%
Magic:  17/23      EV: 15    Int: 21    God:    Sif Muna [......]
Gold:   297        SH:  0    Dex: 15    Spells: 6 memorised, 4 levels left

rFire  . . .     SeeInvis .     j - +0 dagger
rCold  . . .     Clarity  .     a - +0 robe
rNeg   . . .     SustAb   .     (no shield)
rPois  .         Gourm    .     (no helmet)
rElec  .         Spirit   .     (no cloak)
rCorr  .         Warding  .     (no gloves)
rMut   .         NoTele   +     (no boots)
MR     .....                    (no amulet)
Stlth  +++.......               (no ring)
                                (no ring)

@: not resistant to hostile enchantments, fairly stealthy
A: no striking features
a: Renounce Religion


You were in the Dungeon.
You worshipped Sif Muna.
Sif Muna was noncommittal.
You were not hungry.

You visited 1 branch You collected 297 gold pieces.

Inventory:

Hand weapons
 j - a +0 dagger (weapon)
Armour
 a - a +0 robe (worn)
Scrolls
 i - a scroll of blinking
 k - a scroll of vulnerability {unknown}
Potions
 d - a potion of curing
 e - a potion of heal wounds
 f - a potion of haste
 g - 2 potions of magic
 h - a potion of berserk rage
Books
 b - a book of Callings

   Spells                             Type                      Level
   a - Summon Small Mammal            Summoning                    1
   b - Call Imp                       Summoning                    2
   c - Call Canine Familiar           Summoning                    3
   d - Summon Guardian Golem          Hexes/Summoning              4
   e - Summon Lightning Spire         Summoning/Air                4
   f - Summon Ice Beast               Ice/Summoning                4
Comestibles
 c - a bread ration


   Skills:
 + Level 5.9 Dodging
 + Level 6.3 Stealth
 * Level 9.0 Spellcasting
 * Level 8.4 Summonings


You had 4 spell levels left.
You knew the following spells:

 Your Spells              Type           Power        Failure   Level  Hunger
a - Summon Small Mammal   Summ           ####         1%          1    None
b - Call Imp              Summ           #####...     1%          2    None
c - Call Canine Familiar  Summ           #####...     1%          3    None
d - Summon Guardian Gole  Hex/Summ       ####....     14%         4    ##.....
e - Summon Ice Beast      Ice/Summ       ####....     14%         4    ##.....
f - Summon Lightning Spi  Summ/Air       ####....     14%         4    ##.....


Dungeon Overview and Level Annotations

Branches:
Dungeon (1/1)

Altars:
Cheibriados
Dithmenos
Elyvilon
Fedhas
Gozag
Kikubaaqudgha
Makhleb
Nemelex Xobeh
Qazlal
Ru
Sif Muna
Vehumet
Xom
Yredelemnul
Zin
The Shining One
Jiyva

Shops:
D ?


Message History

Anything else - Stay silent.
Gang up on whom?
Press: ? - help, Dir - move target cursor, f - yak
Aim: a yak (resting) Attack!
The yak bellows!
Your ice beast hits the yak but does no damage.
Your ice beast hits the yak.
Your ice beast freezes the yak.
The yak gores you.
Your ice beast barely misses the yak.
Casting: Summon Ice Beast
Confirm with . or Enter, or press ? or * to list all spells.
A beastly little devil appears in a puff of flame.
Your ice beast disappears in a puff of smoke!
The yak gores you!
Ouch! That really hurt!
Your crimson imp hits the yak but does no damage.
Casting: Call Imp
Confirm with . or Enter, or press ? or * to list all spells.
A chill wind blows around you. The yak gores you!
You die...

###################
#<.#..'..#..'..#__#
#..'.)#..'..#..'^.+
#..#####'#####'#__#
#..# #..#...#.####
#..#__####..##.#
#..#_..__##§#..+
#⌠⌠#_.∩...'.Y@Y#
####_..._##_5#'#
___ ##+#(# # ###


You could see a yak, a friendly ice beast and a friendly crimson imp.

Vanquished Creatures (collateral kills)
  A slime creature (D)
  An ogre (D)
  Sigmund (D)
  A jelly (D)
  Ijyb (D)
5 creatures vanquished.

Vanquished Creatures (others)
  A gargoyle (D)
  A hound (D)
  A shadow imp (D)
  A white imp (D)
  A bat (D)
  2 quokkas (D)
7 creatures vanquished.

Grand Total: 12 creatures vanquished

Notes
Turn   | Place    | Note
--------------------------------------------------------------
     0 | D        | Kidiri, the Deep Elf Summoner, began the quest for the Orb.
     0 | D        | Reached XP level 1. HP: 10/10 MP: 5/5
     6 | D        | Noticed Ijyb
    30 | D        | Killed Ijyb
    30 | D        | Reached skill level 5 in Summonings
    30 | D        | Reached XP level 2. HP: 15/15 MP: 1/9
    34 | D        | Learned a level 2 spell: Call Imp
   103 | D        | Noticed an ogre
   111 | D        | Killed an ogre
   111 | D        | Reached skill level 6 in Spellcasting
   111 | D        | Reached XP level 3. HP: 19/19 MP: 0/15
   116 | D        | Learned a level 3 spell: Call Canine Familiar
   202 | D        | Killed a gargoyle
   236 | D        | Noticed Sigmund
   270 | D        | Killed Sigmund
   270 | D        | Reached skill level 7 in Spellcasting
   270 | D        | Reached XP level 4. HP: 24/24 MP: 2/20
   276 | D        | Learned a level 4 spell: Summon Guardian Golem
   281 | D        | Learned a level 4 spell: Summon Ice Beast
   400 | D        | Found a snail-covered altar of Cheibriados.
   400 | D        | Found a viscous altar of Jiyva.
   400 | D        | Found a shadowy altar of Dithmenos.
   400 | D        | Found a blossoming altar of Fedhas.
   400 | D        | Noticed a slime creature
   413 | D        | Killed a slime creature
   413 | D        | Reached skill level 5 in Dodging
   413 | D        | Reached skill level 8 in Spellcasting
   413 | D        | Reached XP level 5. HP: 18/28 MP: 7/23
   419 | D        | Learned a level 4 spell: Summon Lightning Spire
   533 | D        | Found a deep blue altar of Sif Muna.
   534 | D        | Noticed a jelly
   540 | D        | Killed a jelly
   540 | D        | Reached skill level 9 in Spellcasting
   543 | D        | Found a radiant altar of Vehumet.
   548 | D        | Became a worshipper of Sif Muna the Loreminder
   575 | D        | Found Lazir's Magic Scroll Emporium.
   575 | D        | Found a white marble altar of Elyvilon.
   575 | D        | Found a stormy altar of Qazlal.
   575 | D        | Found a burning altar of Makhleb.
   575 | D        | Found a sacrificial altar of Ru.
   575 | D        | Found a basalt altar of Yredelemnul.
   575 | D        | Found a glowing golden altar of the Shining One.
   575 | D        | Found a sparkling altar of Nemelex Xobeh.
   575 | D        | Found a shimmering altar of Xom.
   575 | D        | Found an opulent altar of Gozag.
   575 | D        | Found an ancient bone altar of Kikubaaqudgha.
   575 | D        | Found a glowing silver altar of Zin.
   575 | D        | Noticed a yak
   582 | D        | Slain by a yak

Action                   |  1- 3 |  4- 6 || total
-------------------------+-------+-------++-------
 Cast: Summon Small Mamm |     6 |       ||     6
       Call Imp          |    11 |     1 ||    12
       Call Canine Famil |     2 |     1 ||     3
       Summon Ice Beast  |       |     4 ||     4
       Summon Guardian G |       |     1 ||     1
